Map: [ESL] Hard Lead

Players

Coffee - Winner!

  • Race: Terran Terran
  • Spawn Location: 5:00

Jieshi

  • Race: Protoss Protoss
  • Spawn Location: 11:00

Event: ESL SC2 Masters 2023 Winter (Regional)

VOD

Have the link to the VOD?

Description

Time

  • Played on: Nov. 17, 2023, 7:28 a.m.
  • Length: 8:39

All games in this series

Show
View Real Time Build Order
Export as new Build Order

Coffee Terran - Winner!

Build Orders:  

Get SALT Encoding   

  12  0:00  SCV  
  13  0:12  SCV  
  14  0:16  Supply Depot  
  14  0:24  SCV  
  15  0:38  SCV  
  15  0:40  Barracks  
  15  0:42  Refinery  
  16  0:50  SCV  
  16  0:52  Refinery  
  17  1:02  SCV  
  18  1:14  SCV  
  19  1:27  Orbital Command, Reaper  
  20  1:36  Supply Depot  
  20  1:41  Factory  
  20  1:53  SCV  
  21  1:59  Barracks Reactor  
  21  2:05  SCV  
  22  2:15  Command Center  
  22  2:17  SCV  
  23  2:26  Hellion  
  25  2:32  SCV  
  25  2:36  Reaper x2  
  28  2:43  Supply Depot  
  28  2:44  SCV  
  29  2:48  Hellion  
  31  2:56  SCV  
  31  2:59  Barracks  
  31  3:09  Barracks  
  31  3:10  Factory Tech Lab  
  31  3:11  SCV  
  31  3:12  Marine  
  32  3:14  Marine  
  34  3:32  Marine x2  
  39  3:34  Siege Tank  
  39  3:36  Orbital Command  
  36  3:50  SCV  
  36  3:52  Orbital Command, Marine x2  
  36  3:53  Barracks Tech Lab  
  39  4:00  Barracks Tech Lab  
  39  4:02  SCV  
  39  4:08  Siege Tank  
  42  4:12  Stimpack  
  42  4:14  SCV, Marine x3  
  46  4:18  SCV  
  46  4:20  Marine  
  48  4:24  Supply Depot  
  48  4:26  SCV  
  49  4:32  Combat Shield, SCV  
  50  4:38  SCV  
  50  4:39  Marine x3  
  50  4:40  Marine  
  53  4:47  SCV, Starport  
  53  4:50  SCV  
  55  4:53  Factory Reactor  
  55  4:56  Bunker  
  55  4:57  Supply Depot  
  55  5:01  Marine x2  
  55  5:02  Marine x2  
  55  5:06  SCV x2  
  61  5:10  Supply Depot  
  61  5:18  SCV  
  61  5:19  SCV  
  61  5:21  Marine x4, Supply Depot  
  67  5:30  Refinery  
  67  5:31  SCV x2  
  67  5:34  Supply Depot  
  69  5:38  Siege Tank  
  69  5:40  Medivac  
  69  5:41  Medivac  
  76  5:44  Marine x2  
  76  5:48  Marauder x2  
  76  5:49  SCV  
  83  5:52  SCV  
  84  5:57  Engineering Bay  
  84  5:58  Supply Depot  
  84  6:05  Marine x2  
  84  6:06  SCV x2  
  88  6:15  Marine x2  
  88  6:16  Siege Tank  
  93  6:22  Marine, SCV  
  93  6:23  Marine, SCV  
  93  6:25  Supply Depot  
  95  6:30  Medivac  
  95  6:31  Medivac  
  98  6:33  Marine  
  98  6:37  Marine  
  100  6:40  Marine x2  
  100  6:47  SCV x2  
  104  6:51  Marine  
  76  7:14  Marine x2  
  76  7:15  Marine x2  
  71  7:32  Marine x4  
  71  7:33  Siege Tank, Medivac  
  71  7:34  Medivac  
  82  7:37  SCV x2  
  84  7:50  Marine x3  
  87  7:54  Marine  
  87  7:55  SCV  
  78  8:08  Marine x3  
  78  8:12  Marine  
  84  8:19  SCV x2  
Show
View Real Time Build Order
Export as new Build Order

Jieshi Protoss 

Build Orders: 1 Gate Expand, Blink Stalkers 

Get SALT Encoding   

  12  0:00  Probe  
  13  0:12  Probe  
  14  0:18  Pylon  
  14  0:24  Probe (Chrono Boost)  
  15  0:36  Gateway  
  15  0:37  Probe (Chrono Boost)  
  16  0:44  Probe (Chrono Boost)  
  16  0:45  Assimilator  
  17  0:51  Probe  
  18  1:03  Probe  
  19  1:15  Probe  
  20  1:23  Cybernetics Core  
  20  1:31  Nexus  
  20  1:37  Pylon  
  21  1:40  Probe  
  21  1:45  Assimilator  
  21  1:52  Probe  
  22  1:56  Adept (Chrono Boost)  
  22  1:59  Warp Gate  
  24  2:04  Probe  
  25  2:16  Probe  
  25  2:18  Twilight Council  
  26  2:25  Stalker (Chrono Boost)  
  26  2:29  Probe  
  29  2:41  Probe  
  31  2:44  Probe  
  31  2:53  Blink (Chrono Boost), Probe  
  31  2:56  Probe  
  33  3:06  Stalker  
  33  3:07  Gateway  
  33  3:08  Probe (Chrono Boost)  
  37  3:13  Probe (Chrono Boost)  
  37  3:19  Probe (Chrono Boost)  
  38  3:23  Robotics Facility, Probe (Chrono Boost)  
  38  3:34  Gateway  
  38  3:36  Gateway  
  38  3:40  Probe x2  
  37  3:49  Stalker  
  37  3:52  Probe  
  37  4:00  Probe  
  38  4:04  Probe  
  39  4:10  Observer  
  39  4:14  Nexus  
  39  4:16  Probe x2  
  42  4:17  Pylon  
  42  4:24  Observer  
  42  4:28  Probe x2  
  45  4:33  Pylon  
  45  4:37  Stalker  
  45  4:38  Stalker  
  49  4:43  Probe  
  49  4:44  Probe  
  51  4:46  Observer  
  51  4:49  Stalker  
  51  4:50  Pylon  
  54  4:53  Assimilator  
  54  4:56  Probe x2  
  54  4:57  Charge (Chrono Boost)  
  56  5:05  Shield Battery  
  56  5:08  Probe x2  
  58  5:14  Forge  
  58  5:20  Probe x2  
  60  5:23  Observer, Gateway x2  
  60  5:32  Gateway, Probe x2  
  62  5:40  Gateway x2  
  62  5:41  Protoss Ground Armor Level 1 (Chrono Boost)  
  62  5:44  Probe  
  62  5:46  Probe  
  64  5:51  Probe  
  66  5:58  Probe  
  66  6:00  Immortal (Chrono Boost)  
  66  6:03  Probe  
  72  6:05  Sentry  
  72  6:06  Pylon  
  72  6:08  Stalker  
  72  6:10  Stalker  
  75  6:13  Probe x2  
  77  6:22  Zealot x2  
  77  6:24  Observer  
  77  6:25  Probe x2  
  83  6:27  Zealot  
  83  6:31  Zealot  
  83  6:32  Zealot  
  89  6:33  Pylon  
  89  6:35  Pylon  
  89  6:37  Probe  
  90  6:41  Zealot  
  90  6:42  Pylon  
  92  6:52  Zealot x3  
  97  6:54  Zealot x3  
  101  7:06  Zealot x2  
  83  7:13  Zealot x3  
  71  7:16  Stalker  
  71  7:17  Zealot  
  71  7:21  Zealot  
  76  7:26  Zealot x2  
  75  7:33  Pylon  
  75  7:36  Stalker  
  73  7:39  Stalker x2  
  73  7:41  Zealot  
  77  7:47  Zealot x2  
  65  8:02  Stalker x3  
  65  8:03  Zealot x2  
  62  8:10  Stalker x2  
  57  8:13  Pylon  
  57  8:16  Pylon  
Tags
 
Add a new tag
Caveats
  • Supply blocks, unpowered buildings, or Contaminate may cause inaccurate times.
  • Supply counts are checked every 10 seconds.